[Event "Chinese League Div-A Rapid 2022"]
[Site "Fuling,Chongqing"]
[Date "2022.09.06"]
[Round "1.11"]
[White "Zhao, Jun"]
[Black "Xu, Yinglun"]
[Result "1/2-1/2"]
[ECO "C01"]
[WhiteElo "2619"]
[BlackElo "2549"]
[Annotator "TA"]
[PlyCount "194"]
[EventDate "2022.09.07"]
[EventType "team-tourn"]
[EventCountry "CHN"]
[SourceTitle "playchess.com"]
[Source "ChessBase"]
[SourceQuality "1"]
[TimeControl "1500+10"]

1. e4 e6 2. d4 d5 3. exd5 exd5 4. Nf3 Bd6 5. c4 Nf6 6. Nc3 O-O 7. cxd5 Nbd7 8. Be2 h6 9. O-O Nb6 10. Ne5 Nbxd5 11. Bf3 Be6 12. Re1 c6 13. Bd2 Re8 14. Na4 Qc7 15. Nc5 Bf5 16. Rc1 Bxe5 17. dxe5 Rxe5 18. Rxe5 Qxe5 19. Nxb7 Qxb2 20. Na5 Be4 21. Be2 Qxa2 (21... Rd8 $15 22. Nc4 (22. Nxc6 $2 Nc3 $19) 22... Qxa2) 22. Nxc6 $11 Qa3 23. Bf1 Bf5 24. h3 Bd7 25. Ra1 Qc5 26. Ne5 Be6 27. Rc1 Qd6 28. Nc4 Qe7 29. Qe1 Rc8 30. Ra1 Qc5 31. Qe5 Nb6 32. Qxc5 Rxc5 33. Be3 (33. Nd6 $11) 33... Rxc4 $17 34. Bxc4 Nxc4 35. Bxa7 h5 36. Bd4 Nd5 37. Re1 Kh7 38. Ra1 Nd6 39. Bc5 Ne4 40. Bd4 g5 41. Re1 Nd6 42. Be5 Nf5 43. Ra1 Kg6 44. Ra8 Nfe7 45. Bd6 Nf5 46. Be5 $1 f6 47. Bb2 h4 48. Ra6 Nf4 49. Rb6 Ng7 50. Kh2 Nd5 51. Rd6 Kf7 52. Ra6 Nb4 53. Ra4 Nd3 54. Bd4 Nf5 55. Ba7 Bd5 56. Bb6 Nf4 57. f3 Bc6 58. Ra7+ Kg6 59. Bf2 Nd3 60. Kg1 Nxf2 61. Kxf2 Ng7 62. Ra6 Bd7 63. Rd6 Bf5 64. Ra6 Nh5 65. Rb6 Nf4 66. Ra6 Be6 67. Rb6 f5 68. Ra6 Kf6 69. Ra5 Bd5 70. Ra3 Bc4 71. Rc3 Bb5 72. Rb3 Bc4 73. Rc3 $1 Bd5 74. Ra3 $1 Ke5 75. Ra4 Nd3+ 76. Ke3 Nb2 77. Ra1 Nc4+ 78. Kf2 f4 79. Ra7 Ne3 80. Ra5 Kf6 81. Ra6+ Kf5 82. Ra5 Kg6 83. Ra6+ Kh5 84. Ra1 Bc4 85. Kg1 Kg6 86. Kf2 Kf6 87. Kg1 Ke6 88. Kf2 Kd6 89. Ra5 Nd5 90. Ra8 Nb4 91. Ra5 Nd3+ 92. Kg1 Nc5 93. Ra7 Kd5 94. Rg7 Ne6 95. Rg8 Kd4 96. Kf2 Bd3 97. Re8 Ke5 1/2-1/2

[Event "Chinese League Div-A Rapid 2022"]
[Site "Fuling,Chongqing"]
[Date "2022.09.06"]
[Round "1.12"]
[White "Huang, Renjie"]
[Black "Xue, Haowen"]
[Result "1-0"]
[ECO "C41"]
[WhiteElo "2446"]
[BlackElo "2128"]
[Annotator "TA"]
[PlyCount "75"]
[EventDate "2022.09.07"]
[EventType "team-tourn"]
[EventCountry "CHN"]
[SourceTitle "playchess.com"]
[Source "ChessBase"]
[SourceQuality "1"]
[TimeControl "1500+10"]

1. e4 d6 2. d4 Nf6 3. Nc3 e5 4. Nf3 Nbd7 5. Bc4 Be7 6. O-O c6 7. a4 Qc7 {[%emt 0:00:42] 7...h6 is setting a new trend.} 8. Ba2 O-O 9. h3 b6 {[%emt 0:01:00] C41: Philidor Defence.} 10. Re1 a6 11. Bg5 {[%emt 0:00:42][%cal Bc1g5,Bg5e3,Be3d4][%mdl 32] has lost popularity (11.Be3).} h6 {[%emt 0:01:47] White has an edge.} 12. Be3 Re8 13. Nh4 {[%emt 0:00:46] [#]} Bb7 $146 (13... Nf8 $14) ({Predecessor:} 13... Rb8 14. Nf5 Bf8 15. Qf3 exd4 16. Bxd4 c5 17. Nxh6+ gxh6 18. Bxf6 Nxf6 19. Qxf6 Bg7 {½-½ (58) Heinemann,J (2221)-Brunello,M (2336) Mulhouse 2016}) 14. Nf5 $1 $16 Bf8 15. Qf3 $1 {[%emt 0:00:29] aiming for Qg3.} exd4 16. Bxd4 Kh7 17. Nxh6 {[%emt 0:04:27] White is much more active.} Kxh6 {[%emt 0:01:19] [#]} (17... gxh6 {keeps fighting.} 18. Bxf6 Nxf6) 18. Qf4+ $1 $18 g5 19. Qf5 Re5 20. Bxe5 dxe5 21. Bxf7 Kg7 22. Be6 ({Weaker is} 22. Bh5 Kh8 $16) 22... Re8 23. Rad1 $2 (23. Qxg5+ $18 {is the precise move to win.} Kh8 24. Bxd7 Qxd7 25. Qxf6+ Qg7 26. Qh4+ Qh7 27. Qg5) 23... Rxe6 $16 24. Qxe6 {[%emt 0:00:02] Really sharp!} Bc8 25. Qf5 Nh7 {[%emt 0:00:07] [#]} 26. Qf3 $1 Ndf6 27. Ne2 {[%emt 0:00:03] And now Ng3 would win.} g4 28. hxg4 Bxg4 {[%emt 0:00:03] Loses the game.} (28... Ng5 $16 {is a better defense.} 29. Qd3 Bxg4) 29. Qg3 $18 {[%emt 0:00:20] Strongly threatening f3.} Bc5 30. Nd4 {[%emt 0:00:35] Threatens to win with Ne6+.} Bxd4 (30... Ng5 $142 31. c3 Kg6) 31. Rxd4 {[%emt 0:00:01][%mdl 64] f3 is the strong threat. Pin} Qe7 32. Rd3 Kf7 33. Qh4 Bh5 34. Ree3 Qb4 $2 {[%emt 0:00:10] [#]} (34... Nf8 35. Qg5 Qc7) 35. Rd7+ $3 Kg6 (35... Nxd7 36. Qxh5+) 36. Rg3+ {[%emt 0:01:14] White mates.} Kh6 37. Rdg7 Qe1+ 38. Kh2 {[%emt 0:00:01] Weighted Error Value: White=0.40/Black=0.69} 1-0

[Event "Chinese League Div-A Rapid 2022"]
[Site "Fuling,Chongqing"]
[Date "2022.09.06"]
[Round "1.13"]
[White "Liu, Qingnan"]
[Black "Wen, Yang"]
[Result "0-1"]
[ECO "C67"]
[WhiteElo "2542"]
[BlackElo "2588"]
[Annotator "TA"]
[PlyCount "76"]
[EventDate "2022.09.07"]
[EventType "team-tourn"]
[EventCountry "CHN"]
[SourceTitle "playchess.com"]
[Source "ChessBase"]
[SourceQuality "1"]
[TimeControl "1500+10"]

1. e4 e5 2. Nf3 Nc6 3. Bb5 Nf6 4. O-O Nxe4 5. d4 Nd6 6. dxe5 Nxb5 7. a4 Nbd4 {[%emt 0:01:08] C67: Ruy Lopez: Berlin Defence: 4 0-0 Nxe4.} 8. Nxd4 d5 $1 {[%emt 0:00:04][%mdl 4] is now more promising than 8...Nxd4.} 9. Nc3 Be7 {[%emt 0:01:29] The position is equal.} 10. f4 Bc5 11. Be3 Bxd4 12. Bxd4 Bf5 13. Bc5 b6 14. Ba3 ({Much weaker is} 14. Qxd5 Qxd5 15. Nxd5 bxc5 $11) 14... d4 (14... Qd7 $1 $14) 15. Qf3 $16 Qd7 {[%emt 0:00:03] [#]} 16. Ne4 $146 (16. Nd5 $1 $16 {[%cal Rd5b4] Nb4 is the strong threat.} Rc8 17. c4) ({Predecessor:} 16. Nd5 Bg4 17. e6 fxe6 18. Nxc7+ Kd8 19. Qxg4 Kxc7 20. b4 Rad8 21. Rad1 h5 22. Qe2 {1-0 (28) Ponkratov,P (2619)-Goganov,A (2565) Khanty-Mansiysk 2019}) 16... O-O-O 17. b4 (17. a5 $5) 17... Kb8 (17... d3 $5 ) 18. Rac1 (18. b5 $5 Na5 19. Qe2 $15) 18... Qd5 19. Ng3 Qxf3 20. Rxf3 Bg4 21. Rd3 h5 (21... g5 $5 22. Rf1 Be6 $11) 22. h3 Be6 23. h4 (23. b5 $14 Na5 24. Bb4) 23... Ne7 $36 {[%emt 0:01:38][%cal Bc6e7,Be7f5,Bf5e3][%mdl 2080] Black has the initiative.} 24. Bb2 c5 25. bxc5 bxc5 26. Ne4 Rd5 27. Ba3 ({White should play} 27. c4 $14 dxc3 28. Rdxc3) 27... c4 $1 $11 28. Rd2 (28. Rdd1 $11 Nf5 29. Nd6) 28... Nf5 (28... c3 $5 29. Rd3 Bf5 $15) 29. Nc5 $2 {[%emt 0:00:08] This move loses the game for White.} (29. c3 $11 {and White stays safe.}) 29... Rc8 30. Rb1+ Ka8 31. Ne4 c3 ({Not} 31... Nxh4 32. Nd6 Rb8 33. Rxb8+ Kxb8 34. Nxc4 $11) 32. Rf2 Ne3 {[%emt 0:00:01] [#] And now ...Bf5 would win.} ({And not} 32... Nxh4 33. Nd6 Rb8 34. Rxb8+ Kxb8 35. f5 $11) 33. Ng3 $2 (33. Nd6 {might work better.} d3 34. Nxc8 dxc2 35. Re1) 33... g6 34. Bd6 (34. f5 $142 Nxf5 35. Nxf5 Bxf5 36. Bc1) 34... Bf5 35. Rc1 $2 (35. Nxf5 Nxf5 36. Rd1) 35... Bxc2 $19 {[%emt 0:00:06] Black is clearly winning.} 36. Ne2 Bf5 {[%emt 0:00:10] Threatens to win with ...c2.} 37. Rf3 c2 {[%emt 0:00:10][%cal Od4d3] aiming for ...d3!} 38. Kf2 Ng4+ {[%emt 0:00:07] Weighted Error Value: White=0.85/Black=0.34} 0-1

[Event "Chinese League Div-A Rapid 2022"]
[Site "Fuling,Chongqing"]
[Date "2022.09.06"]
[Round "1.14"]
[White "Song, Yuxin"]
[Black "Hu, Yu A."]
[Result "1-0"]
[ECO "B31"]
[WhiteElo "2317"]
[BlackElo "2074"]
[Annotator "TA"]
[PlyCount "61"]
[EventDate "2022.09.07"]
[EventType "team-tourn"]
[EventCountry "CHN"]
[SourceTitle "playchess.com"]
[Source "ChessBase"]
[SourceQuality "1"]
[TimeControl "1500+10"]

1. e4 c5 2. Nf3 Nc6 3. Bb5 g6 4. O-O Bg7 5. Re1 Nf6 6. e5 Nd5 7. Nc3 Nc7 8. Bxc6 dxc6 9. Ne4 Ne6 10. d3 O-O 11. Be3 b6 12. Qd2 Nd4 13. Nxd4 cxd4 14. Bh6 c5 15. Ng3 {[%emt 0:01:48] [#] B31: Sicilian: 2...Nc6 3 Bb5 g6.} Be6 $146 ({Predecessor:} 15... f5 16. h4 Bxh6 17. Qxh6 Rf7 18. a4 a5 19. Ne2 Qf8 20. Qf4 Ba6 21. Rad1 e6 22. c3 dxc3 23. bxc3 {½-½ (71) Repp,H (2500)-Dunlop,G (2511) ICCF email 2017}) 16. b3 Qd7 17. Re4 {[%emt 0:01:10] White is slightly better.} f5 18. Bxg7 Kxg7 (18... Rf7 $1 $11 {remains equal.}) 19. Rh4 $16 Rf7 20. Qg5 {[%emt 0:01:42] White is more active.} Kf8 ({Don't play} 20... Kg8 $6 21. Nh5 $11) 21. Ne2 Kg8 22. Nf4 Rg7 23. Re1 (23. Rh6 $16) 23... Rf8 (23... Bd5 $14 {feels stronger.}) 24. Rh6 Bd5 25. e6 (25. h4 $16) 25... Qd6 $14 26. Rh3 (26. Qg3 $14) 26... Bc6 27. Rg3 Kh8 $2 (27... Rf6 $1 $11 28. Rh3 Bd5) 28. Qh6 $18 {[%emt 0:02:00][%cal Rf4g6] Black must now prevent Nxg6+.} Rfg8 {[%emt 0:00:52] [#]} 29. Nh3 {[%emt 0:00:20] Threatens to win with Ng5.} Be8 $2 (29... Rc8 30. Ng5 Kg8) 30. Ng5 {[%emt 0:00:13] White wants to mate with Rh3.} f4 31. Rh3 {[%emt 0:00:03] Weighted Error Value: White=0.15 (very precise) /Black=0.85} 1-0

[Event "Chinese League Div-A Rapid 2022"]
[Site "Fuling,Chongqing"]
[Date "2022.09.06"]
[Round "1.15"]
[White "Li, Xueyi"]
[Black "Liu, Manli"]
[Result "0-1"]
[ECO "E17"]
[WhiteElo "2280"]
[BlackElo "2195"]
[Annotator "RC"]
[PlyCount "109"]
[EventDate "2022.09.07"]
[EventType "team-tourn"]
[EventCountry "CHN"]
[SourceTitle "playchess.com"]
[Source "ChessBase"]
[SourceQuality "1"]
[TimeControl "1500+10"]

1. d4 e6 2. Nf3 d5 3. g3 Nf6 4. Bg2 Be7 5. O-O O-O 6. b3 b6 7. c4 Bb7 8. Ne5 Qc8 9. cxd5 Bxd5 10. Nf3 Rd8 11. Nc3 Bb7 12. Qc2 Nc6 13. Rd1 Nb4 14. Qb2 c5 15. dxc5 Rxd1+ 16. Nxd1 Bxc5 17. Be3 Nbd5 18. Bxc5 Qxc5 19. Rc1 Qe7 20. h3 h6 21. Rc4 Rd8 22. Qc1 b5 23. Rc2 Ne4 24. Ne3 b4 25. Nxd5 Bxd5 26. Rc7 Rd7 27. Rc8+ Rd8 28. Rc7 Qd6 29. Rxa7 Qb6 30. Qe3 Nc5 31. Re7 Kf8 32. Qe5 Kxe7 33. Qxg7 Ne4 34. e3 Qc5 35. Ne5 Qc1+ 36. Kh2 Ng5 37. Qxh6 Rg8 38. Bxd5 exd5 39. Nc6+ Kd7 40. Ne5+ Kc7 41. Qa6 Qc5 42. Qa4 Rd8 43. Nd3 Qb6 44. a3 bxa3 45. Qxa3 Ne4 46. Qe7+ Rd7 47. Qe5+ Qd6 48. Qd4 Qf6 49. Qa7+ Kd8 50. Qa8+ Ke7 51. Kg2 Qc3 52. Qa3+ Kf6 53. Nf4 Qd2 54. Qa1+ d4 55. Kh1 0-1

[Event "Chinese League Div-A Rapid 2022"]
[Site "Fuling,Chongqing"]
[Date "2022.09.06"]
[Round "1.16"]
[White "Xiao, Tong"]
[Black "Li, Haoyu"]
[Result "1-0"]
[ECO "B36"]
[WhiteElo "2027"]
[BlackElo "2369"]
[Annotator "TA"]
[PlyCount "59"]
[EventDate "2022.09.07"]
[EventType "team-tourn"]
[EventCountry "CHN"]
[SourceTitle "playchess.com"]
[Source "ChessBase"]
[SourceQuality "1"]
[TimeControl "1500+10"]

1. e4 c5 2. Nf3 Nc6 3. d4 cxd4 4. Nxd4 g6 5. c4 Nf6 6. Nc3 Nxd4 7. Qxd4 d6 8. Be3 Bg7 9. f3 O-O 10. Qd2 a5 11. Be2 a4 12. O-O Be6 13. Rfd1 {[%emt 0:01:07] B36: Sicilian: Maroczy Bind: Gurgenidze System.} Qa5 14. Nd5 Nxd5 15. Qxa5 {[%emt 0:02:46] The position is equal.} Rxa5 16. cxd5 Bd7 {[%emt 0:00:04] [#]} 17. Rac1 $146 ({Predecessor:} 17. Bb6 Raa8 18. Rac1 Rfc8 19. b3 axb3 20. axb3 Rxc1 21. Rxc1 Ra1 22. Rxa1 Bxa1 23. Kf2 {½-½ (65) Wandzik,W (2360)-Niekras,D (2097) Jastrzebia Gora 2015}) 17... Bb5 18. Rd2 Bxe2 19. Rxe2 Rb5 20. Rc7 Bxb2 21. Rxe7 f5 22. exf5 Rxf5 23. Rc2 Rf7 24. Rc8+ (24. Re4 $5 Rf8 25. Rxa4 $14) 24... Rf8 25. Rcc7 Bf6 {[%emt 0:00:24] White must now prevent ...Rb1+.} 26. Rxb7 Rxd5 27. Rxh7 {[%emt 0:00:21] Threatens to win with Rh6.} Re8 {[%emt 0:00:25] [#]} (27... Rd3 $11 {and Black stays safe.} 28. Bg5 Bd4+ 29. Kf1 Re8) 28. Rh6 $1 $18 g5 (28... Re7 $16 29. Rxe7 (29. Rxg6+ Kf7 $16) 29... Bxe7) 29. Rg6+ Kh8 30. Rxf6 {[%emt 0:00:02] Weighted Error Value: White=0.03 (flawless) /Black=0.41} 1-0

[Event "Chinese League Div-A Rapid 2022"]
[Site "Fuling,Chongqing"]
[Date "2022.09.06"]
[Round "1.17"]
[White "Zhou, Weiqi"]
[Black "Li, Chao b"]
[Result "1/2-1/2"]
[ECO "C42"]
[WhiteElo "2597"]
[BlackElo "2679"]
[Annotator "TA"]
[PlyCount "45"]
[EventDate "2022.09.07"]
[EventType "team-tourn"]
[EventCountry "CHN"]
[SourceTitle "playchess.com"]
[Source "ChessBase"]
[SourceQuality "1"]
[TimeControl "1500+10"]

1. e4 e5 2. Nf3 Nf6 3. Nxe5 d6 4. Nf3 Nxe4 5. Bd3 Nf6 6. O-O {[%emt 0:00:08] C42: Petroff Defence: 3 Nxe5 and unusual White 3rd moves.} Be7 7. c3 {[%emt 0:01:18] 7.Re1 is more advanced technology.} O-O 8. Bc2 d5 9. d4 {[%emt 0:00:17] [#]} h6 $146 ({Predecessor:} 9... Bg4 10. Re1 Nbd7 11. Bg5 Re8 12. Nbd2 {½-½ (12) Sadhwani,R (2619)-Xiong,J (2688) Chess.com INT 2022}) 10. Re1 Bd6 11. Nbd2 Re8 12. Rxe8+ Qxe8 13. Nf1 Be6 14. Ng3 Nbd7 15. Nf5 Bxf5 16. Bxf5 Qe7 17. Bd2 Re8 18. Qa4 a6 19. Re1 Qd8 20. Rxe8+ Qxe8 {[%emt 0:00:02] The position is equal.} 21. Bxd7 Qxd7 22. Qxd7 Nxd7 23. Kf1 {[%emt 0:00:04] A rather calm draw.  Weighted Error Value: White=0.03 (flawless) /Black=0.03 (flawless)} 1/2-1/2

[Event "Chinese League Div-A Rapid 2022"]
[Site "Fuling,Chongqing"]
[Date "2022.09.06"]
[Round "1.18"]
[White "Zou, Chen"]
[Black "Zhang, Di"]
[Result "0-1"]
[ECO "B04"]
[WhiteElo "2432"]
[BlackElo "2108"]
[Annotator "TA"]
[PlyCount "124"]
[EventDate "2022.09.07"]
[EventType "team-tourn"]
[EventCountry "CHN"]
[SourceTitle "playchess.com"]
[Source "ChessBase"]
[SourceQuality "1"]
[TimeControl "1500+10"]

1. e4 Nf6 2. e5 Nd5 3. Nf3 d6 4. d4 g6 5. Be2 Bg7 6. O-O {[%emt 0:00:14] B04: Alekhine's Defence: 4 Nf3.} Nc6 7. exd6 (7. c4 $5 Nb6 8. exd6 $14) 7... cxd6 8. c4 {[%emt 0:00:03] White is slightly better.} Nb6 9. Nc3 (9. d5 $14 Nb4 10. Nc3) 9... Bg4 $11 10. Be3 Bxf3 11. Bxf3 Nxc4 12. Bxc6+ bxc6 13. Qa4 Nb6 $1 14. Qxc6+ Qd7 15. Qxd7+ Kxd7 16. Rfc1 Rhc8 17. Kf1 f5 {[%emt 0:02:59] [#]} 18. Ke2 $146 ({Predecessor:} 18. g3 g5 19. Ne2 Bf6 20. Rxc8 Rxc8 21. Rc1 Rxc1+ 22. Bxc1 Nd5 23. Bd2 Kc6 24. b3 {0-1 (35) Pena Riasco,A (2237)-Leon Acosta,M (1985) Almansa 2012}) 18... f4 (18... g5 $5 ) 19. Bxf4 Bxd4 20. Nd1 Nd5 21. Bd2 e5 22. Rxc8 Rxc8 23. Rc1 Rg8 24. h4 Ne7 25. b3 Nf5 26. g3 d5 27. Nc3 Bxc3 28. Bxc3 {[%emt 0:01:07][%mdl 4096] Endgame KRB-KRN} (28. Rxc3 $11 Rb8 29. Rc5) 28... Rc8 $15 29. Bb2 Rxc1 30. Bxc1 {[%emt 0:00:02] KB-KN} Kc6 31. Bg5 (31. Kf3 $11 {deserves consideration.}) 31... d4 (31... e4 $17) 32. g4 $1 $11 Nd6 33. Be7 Nb5 34. Kd3 Kd5 {[%emt 0:00:24] White must now prevent ...h5.} 35. a4 $2 (35. f3 $15) 35... e4+ $19 36. Kd2 Nc7 37. b4 $2 (37. a5) 37... a6 38. Bd8 Ne6 39. Bb6 {[%emt 0:00:33][%mdl 8192] White does not recover from this.} (39. Bf6 $17) 39... Kc4 40. Ba5 Nf4 {[%emt 0:00:08] Hoping for ...Nd3.} 41. b5 axb5 42. axb5 Kxb5 43. Bc7 Ne6 44. Be5 Kc4 45. Bf6 Nc5 {[%emt 0:00:13][%cal Oe4e3] ...e3+! is the strong threat.} 46. Bg7 Nb3+ 47. Ke2 Kd5 48. Bh8 Nc5 49. Bg7 Ne6 50. Bh6 Ke5 51. Kd2 Nf4 52. Bg7+ Kd5 53. Bh6 Ng2 54. Bg5 h6 55. Bxh6 Nxh4 56. Ke2 Nf3 57. Bf4 Ne5 (57... d3+ $142 58. Kd1 Ne5 59. Bg3 Nxg4 60. Bh4 Kc5 61. Ke1 Kb4 62. Kd2 Kc4 63. Bg5 Nxf2 64. Ke3 Nh3 65. Bf6 {[#]} Nf4 $1 66. Bg5 Ne6 67. Bh6 g5 68. Kxe4 d2 69. Ke5 d1=Q $1 70. Kxe6 Qh5 71. Bf8 Qe8+ 72. Be7 g4 73. Kf5 g3 74. Bd6 g2 75. Bh2 Qh5+ 76. Ke6 Qxh2 77. Kf6 g1=Q 78. Kf5 Qf1+ 79. Ke6 Qf8 80. Kd7 Qhd6#) 58. g5 Nf3 59. Bc1 Ke5 60. Bb2 Kf5 61. Bc1 Nxg5 62. Bd2 Nf3 {[%emt 0:00:01] Weighted Error Value: White=0.85/Black=0.51} 0-1

[Event "Chinese League Div-A Rapid 2022"]
[Site "Fuling,Chongqing"]
[Date "2022.09.06"]
[Round "1.19"]
[White "Li, Ruofan"]
[Black "Chen, Yining"]
[Result "1-0"]
[ECO "E50"]
[WhiteElo "2302"]
[BlackElo "1745"]
[Annotator "RC"]
[PlyCount "79"]
[EventDate "2022.09.07"]
[EventType "team-tourn"]
[EventCountry "CHN"]
[SourceTitle "playchess.com"]
[Source "ChessBase"]
[SourceQuality "1"]
[TimeControl "1500+10"]

1. d4 Nf6 2. c4 e6 3. Nc3 Bb4 4. Nf3 O-O 5. e3 Bxc3+ 6. bxc3 d6 7. Bd3 Nc6 8. Qc2 e5 9. O-O Re8 10. Ng5 h6 11. Ne4 Nxe4 12. Bxe4 Qe7 13. f3 a5 14. Ba3 Bd7 15. c5 dxc5 16. Bxc5 Qg5 17. f4 exf4 18. Rxf4 f5 19. Bd5+ Kh8 20. Qf2 Nd8 21. e4 Ra6 22. exf5 Qf6 23. Re1 Rxe1+ 24. Qxe1 Nc6 25. Re4 Ra8 26. Be6 Bxe6 27. fxe6 Ne7 28. h3 Re8 29. Bxe7 Qxe7 30. Re5 c6 31. Rxa5 Qd6 32. Re5 Re7 33. a4 Kg8 34. a5 Kf8 35. Qf2+ Kg8 36. Qf5 Qd8 37. h4 Qf8 38. Qxf8+ Kxf8 39. c4 Rc7 40. Rf5+ 1-0

[Event "Chinese League Div-A Rapid 2022"]
[Site "Fuling,Chongqing"]
[Date "2022.09.06"]
[Round "1.20"]
[White "Wang, Yu A."]
[Black "Zhou, Guijue"]
[Result "1-0"]
[ECO "B90"]
[WhiteElo "2271"]
[BlackElo "2225"]
[Annotator "RC"]
[PlyCount "51"]
[EventDate "2022.09.07"]
[EventType "team-tourn"]
[EventCountry "CHN"]
[SourceTitle "playchess.com"]
[Source "ChessBase"]
[SourceQuality "1"]
[TimeControl "1500+10"]

1. e4 c5 2. Nf3 d6 3. d4 cxd4 4. Nxd4 Nf6 5. Nc3 a6 6. Bd3 g6 7. O-O Bg7 8. Nb3 O-O 9. Bg5 h6 10. Bd2 Nc6 11. Qc1 Kh7 12. f4 Ng4 13. Nd5 e6 14. Ne3 Nxe3 15. Bxe3 f5 16. c3 e5 17. Qd2 exf4 18. Bxf4 d5 19. exf5 Bxf5 20. Rad1 Ne7 21. Bxf5 Rxf5 22. Nd4 Rf7 23. Be3 Rxf1+ 24. Rxf1 Qd6 25. Rf7 Ng8 26. Bf4 1-0

[Event "Chinese League Div-A Rapid 2022"]
[Site "Fuling,Chongqing"]
[Date "2022.09.06"]
[Round "1.21"]
[White "Peng, Xiongjian"]
[Black "Pang, Tao"]
[Result "1-0"]
[ECO "C10"]
[WhiteElo "2454"]
[BlackElo "2427"]
[Annotator "TA"]
[PlyCount "129"]
[EventDate "2022.09.07"]
[EventType "team-tourn"]
[EventCountry "CHN"]
[SourceTitle "playchess.com"]
[Source "ChessBase"]
[SourceQuality "1"]
[TimeControl "1500+10"]

1. e4 e6 2. d4 d5 3. Nd2 dxe4 4. Nxe4 Nd7 5. g3 Ngf6 6. Nxf6+ Nxf6 7. Bg2 c5 (7... e5 $5) 8. Ne2 {[%emt 0:00:09][%cal Bg1e2,Be2d4,Bd4b3][%mdl 32] C10: French with 3 Nc3: Unusual Black 3rd moves and 3...dxe4.} cxd4 9. Qxd4 Qxd4 10. Nxd4 {[%emt 0:00:02] White is slightly better.} Bc5 11. Nb3 Bd6 12. Be3 {[%emt 0:00:47] [#]} Ke7 $146 ({Black should play} 12... O-O $14) ({Predecessor:} 12... O-O 13. O-O-O Bc7 14. Bc5 Re8 15. Rhe1 h6 16. Nd2 Nd7 17. Ba3 Nf6 18. Nc4 a5 {1-0 (40) Reinderman,D (2584)-Brandenburg,D (2511) Dieren 2015}) 13. O-O-O $16 Ng4 14. Bd4 e5 15. h3 exd4 16. hxg4 Bxg4 17. Rxd4 Be6 18. Bxb7 ({Resist} 18. Re1 Rad8 $16) 18... Rad8 19. Re1 ({Better is} 19. Na5 {Black must now prevent Rhd1.} Rd7 20. Nc6+ Kf6 21. Rhd1 $1 Rxb7 22. Rxd6) 19... Kf6 20. Ra4 Rd7 21. Bc6 {[%emt 0:02:10] White is more active.} ({Not} 21. Rxa7 Bb8 22. Ra3 Rxb7 $17) 21... Rc7 22. Bb5 Bxb3 23. axb3 Rb8 24. Rd4 ({White should try} 24. Ra6 $16 Rb6 25. Rxb6 axb6 26. c3) 24... Bxg3 $11 25. Bc4 Be5 $36 {[%emt 0:00:15][%mdl 2048] White is under pressure.} 26. Rh4 Re7 27. c3 Bd6 (27... g6 $11) 28. Rd1 $14 Bc7 29. Rd3 (29. Rxh7 $14 Rd8 30. Rxd8 Bxd8 31. Rh8) 29... h6 $15 30. b4 g6 31. Rhd4 h5 32. Rd7 {[%emt 0:00:34] Rf3+ is the strong threat.} Bf4+ 33. Kd1 Rb7 34. Rd8 h4 35. Bd5 Rbd7 36. Rxd7 Rxd7 $17 {[%emt 0:00:01][%mdl 4096] Endgame KRB-KRB} 37. c4 g5 38. Rh3 Bd6 39. b5 (39. Rf3+ $142 Ke5 40. Re3+ Kf5 41. Bc6) 39... Re7 40. Kd2 Kg6 41. Kc3 (41. Bc6 $17) 41... Re2 $19 42. b4 $2 (42. Rf3 f5 43. Kd3 Rxb2 44. Re3) 42... Rxf2 43. c5 Be5+ 44. Kc4 Rc2+ 45. Kb3 Rd2 46. Bc6 f5 47. b6 axb6 48. cxb6 Rd8 49. b7 Rh8 50. Re3 Kf6 (50... Bf4 $142 51. Rc3 h3) 51. Bd7 {[%emt 0:00:14][%cal Oe3e5] Hoping for Rxe5!} h3 $4 {[%emt 0:00:10][%mdl 8192] [#]} (51... Rb8 $19 52. Rf3 Rxb7 53. Bxf5 Bf4) 52. Rxe5 $1 $18 {[%emt 0:00:02][%mdl 512] KRB-KR} h2 53. Re1 {[%emt 0:00:01] White threatens Bc8 and mate.} Rb8 54. Bc6 {[%emt 0:00:06] Intending Ra1 and mate.} g4 55. Rh1 (55. Ra1 $142 Ke6 56. Ra8 Kd6 57. Rxb8 Kxc6 58. Rh8 Kxb7 59. Rxh2 Kc8 60. Rf2) 55... g3 56. Kc4 Kg5 57. Bf3 (57. Ra1 $142 Kf4 58. Ra8 g2 59. Bxg2 Rxb7 60. Bxb7 Kg3 61. b5 f4 62. Ra3+ f3 63. Bxf3) 57... Kh4 58. Bg2 f4 59. Rf1 Kg4 60. Kc5 Rf8 61. Bc6 $2 (61. Kb6 {mates} Rf6+ 62. Ka7 f3 {[#]} 63. Rxf3 $1 Rxf3 64. b8=Q Rf7+ 65. Kb6 Rf6+ 66. Kc5) 61... Kh3 $2 (61... f3 $11 62. Rxf3 Rxf3 63. Bxf3+ Kxf3) 62. Bd7+ Kg2 {[%emt 0:00:01] [#]} 63. Rxf4 $3 Rxf4 (63... Rg8 64. Bc6+) 64. b8=Q h1=Q 65. Bc6+ {[%emt 0:00:04] What a fight!  Weighted Error Value: White=0.26 (precise) /Black=0.54} 1-0

[Event "Chinese League Div-A Rapid 2022"]
[Site "Fuling,Chongqing"]
[Date "2022.09.06"]
[Round "1.22"]
[White "Wan, Yunguo"]
[Black "Ma, Zhonghan"]
[Result "1/2-1/2"]
[ECO "C42"]
[WhiteElo "2508"]
[BlackElo "2485"]
[Annotator "TA"]
[PlyCount "50"]
[EventDate "2022.09.07"]
[EventType "team-tourn"]
[EventCountry "CHN"]
[SourceTitle "playchess.com"]
[Source "ChessBase"]
[SourceQuality "1"]
[TimeControl "1500+10"]

1. e4 e5 2. Nf3 Nf6 3. Nxe5 d6 4. Nf3 Nxe4 5. d4 d5 6. Bd3 Nc6 7. O-O Be7 8. c4 Nb4 9. Be2 O-O 10. Nc3 Bf5 11. a3 Nxc3 12. bxc3 Nc6 13. Re1 Re8 14. cxd5 {[%emt 0:00:10] C42: Petroff Defence: 3 Nxe5 and unusual White 3rd moves.} Qxd5 15. Bf4 Rac8 16. h3 {[%emt 0:00:00] [#]} Bg6 $146 ({Predecessor:} 16... h6 17. Nd2 Na5 18. Bf3 Qd7 19. Ne4 Bf8 20. Ra2 Kh8 21. Rae2 b6 22. Ng3 Rxe2 23. Qxe2 {½-½ (53) Karjakin,S (2776)-Wang,Y (2705) Beijing 2013}) 17. Qa4 Qf5 18. Bg3 Bd6 19. Bb5 Bxg3 $1 20. fxg3 Qd5 $1 21. Ne5 Nxe5 {[%emt 0:01:09] The position is equal.} 22. Bxe8 Nf3+ 23. gxf3 Qxf3 24. Qd7 {[%emt 0:05:08] [#] Threatens to win with Bxf7+.} ({Not} 24. Qxa7 $2 Qxg3+ 25. Kh1 Bh5 26. Bxf7+ Kxf7 27. Rf1+ Bf3+ 28. Rxf3+ Qxf3+ 29. Kg1 Qg3+ 30. Kh1 Qxh3+ 31. Kg1 Qg3+ 32. Kh1 Qf3+ 33. Kg1 Qg4+ 34. Kh2 Qe2+ 35. Kg1 Qg4+ 36. Kh2 Qe2+ 37. Kg1 Qg4+ $19) 24... Qxg3+ 25. Kh1 {[%emt 0:00:02] Intending Bxf7+ and mate.} Qf3+ {[%emt 0:00:08] Weighted Error Value: White=0.09 (flawless) /Black=0.05 (flawless)} 1/2-1/2